Map: Odyssey LE

Players

JagrsMullets

  • Race: Protoss Protoss
  • Spawn Location: 5:00

A.I. 1 (Harder) - Winner!

  • Race: Protoss Protoss
  • Spawn Location: 11:00

VOD

Have the link to the VOD?

Description

Time

  • Played on: Dec. 21, 2017, 6:21 a.m.
  • Length: 13:03
Show
View Real Time Build Order
Export as new Build Order

JagrsMullets Protoss 

Build Orders: Oracle Opening 

Get SALT Encoding   

  12  0:02  Probe (Chrono Boost)  
  13  0:12  Probe (Chrono Boost)  
  14  0:21  Pylon  
  14  0:27  Assimilator  
  15  0:28  Probe  
  15  0:40  Probe  
  15  0:41  Assimilator  
  16  0:52  Probe  
  17  1:00  Gateway  
  17  1:05  Gateway  
  17  1:15  Probe (Chrono Boost)  
  18  1:25  Probe (Chrono Boost)  
  19  1:30  Probe (Chrono Boost)  
  20  1:41  Probe  
  21  1:52  Cybernetics Core  
  21  1:54  Probe  
  22  2:06  Probe  
  23  2:11  Pylon  
  23  2:22  Pylon  
  23  2:29  Probe, Zealot x2, Pylon  
  28  2:33  Warp Gate (Chrono Boost)  
  28  2:42  Probe  
  29  2:54  Probe  
  29  2:56  Stalker  
  32  2:58  Stargate  
  32  3:06  Probe  
  33  3:25  Pylon  
  33  3:51  Oracle  
  36  3:56  Nexus  
  36  4:00  Stargate  
  36  4:14  Stalker  
  36  4:15  Stalker  
  40  4:28  Assimilator, Oracle  
  43  4:31  Assimilator  
  43  4:44  Stalker  
  45  4:59  Forge  
  45  5:03  Probe (Chrono Boost)  
  46  5:13  Probe (Chrono Boost)  
  47  5:18  Probe (Chrono Boost)  
  49  5:21  Probe (Chrono Boost)  
  49  5:25  Stalker  
  52  5:30  Probe (Chrono Boost)  
  52  5:33  Probe (Chrono Boost)  
  53  5:36  Probe (Chrono Boost)  
  53  5:42  Probe (Chrono Boost)  
  55  5:46  Protoss Shields Level 1  
  55  5:48  Protoss Air Weapons Level 1, Probe x2 (Chrono Boost)  
  57  5:56  Probe  
  59  5:57  Probe  
  59  6:05  Photon Cannon  
  59  6:07  Photon Cannon  
  59  6:08  Probe  
  59  6:09  Photon Cannon  
  60  6:14  Photon Cannon  
  60  6:19  Photon Cannon  
  60  6:25  Photon Cannon  
  60  6:33  Photon Cannon  
  60  7:00  Fleet Beacon  
  60  7:14  Pylon x2  
  60  7:16  Pylon  
  60  7:24  Stalker  
  60  7:29  Void Ray (Chrono Boost)  
  60  7:30  Void Ray (Chrono Boost)  
  59  7:39  Stalker  
  54  8:03  Void Ray  
  54  8:04  Void Ray  
  45  8:40  Nexus  
  45  9:02  Carrier  
  51  9:20  Nexus  
  39  10:27  Zealot x2  
  43  10:32  Pylon  
  43  10:35  Pylon  
  43  10:54  Carrier (Chrono Boost)  
  49  11:01  Graviton Catapult (Chrono Boost)  
  39  11:31  Stalker x2  
  36  11:42  Photon Cannon  
  36  11:45  Photon Cannon  
  30  12:02  Photon Cannon  
  27  12:16  Photon Cannon  
Show
View Real Time Build Order
Export as new Build Order

A.I. 1 (Harder) Protoss - Winner!

Build Orders:  

Get SALT Encoding   

  12  0:00  Probe  
  13  0:13  Probe  
  14  0:19  Pylon  
  14  0:25  Probe  
  15  0:37  Probe  
  15  0:40  Gateway  
  16  0:49  Assimilator, Probe  
  17  1:01  Pylon, Probe  
  18  1:13  Probe  
  19  1:26  Probe  
  19  1:30  Zealot  
  19  1:32  Cybernetics Core  
  22  1:44  Gateway  
  22  1:49  Assimilator  
  22  1:57  Zealot  
  24  2:02  Pylon  
  24  2:24  Zealot  
  26  2:31  Stalker  
  28  2:39  Pylon  
  28  2:41  Warp Gate  
  28  2:52  Adept  
  30  3:01  Zealot  
  32  3:19  Zealot  
  34  3:24  Pylon  
  34  3:28  Stalker  
  36  3:46  Stalker  
  38  3:51  Probe  
  39  3:58  Adept  
  41  4:03  Probe  
  41  4:07  Pylon  
  42  4:15  Probe  
  42  4:16  Zealot  
  45  4:23  Forge  
  45  4:25  Zealot  
  45  4:27  Probe  
  48  4:39  Probe  
  49  4:51  Zealot, Probe  
  52  5:02  Stalker  
  54  6:28  Sentry  
  54  6:29  Protoss Ground Weapons Level 1  
  54  6:32  Gateway  
  56  6:34  Twilight Council  
  56  6:36  Stalker  
  56  6:37  Photon Cannon  
  58  6:40  Photon Cannon  
  58  6:41  Nexus  
  58  6:44  Robotics Facility  
  56  6:48  Pylon  
  56  6:51  Stalker  
  58  6:59  Stalker  
  60  7:11  Pylon  
  60  7:12  Charge  
  60  7:14  Stalker  
  62  7:22  Sentry  
  62  7:30  Stargate, Adept  
  62  7:32  Observer  
  63  7:38  Stalker  
  65  7:46  Stalker  
  65  7:48  Forge  
  67  7:52  Probe  
  67  7:53  Observer, Probe  
  70  8:03  Pylon  
  70  8:05  Probe  
  71  8:07  Probe  
  72  8:16  Pylon  
  72  8:17  Probe  
  72  8:19  Probe  
  68  8:23  Protoss Ground Armor Level 1  
  68  8:25  Stalker  
  66  8:29  Probe  
  66  8:31  Probe  
  64  8:35  Stalker  
  64  8:41  Probe  
  63  8:43  Zealot, Probe  
  62  8:51  Zealot  
  62  8:52  Blink  
  62  8:53  Probe  
  65  8:55  Probe  
  65  8:59  Zealot  
  68  9:05  Probe  
  68  9:07  Stalker  
  71  9:15  Photon Cannon, Adept  
  73  9:22  Photon Cannon  
  71  9:24  Stalker  
  71  9:30  Probe x2  
  63  9:42  Probe x2  
  58  9:54  Probe  
  58  9:55  Probe  
  60  10:06  Probe  
  61  10:07  Probe  
  62  10:19  Probe x2  
  64  10:31  Probe x2  
  66  10:43  Void Ray, Probe  
  66  10:45  Stalker x2  
  66  10:46  Gateway  
  66  10:49  Robotics Facility  
  71  10:51  Stargate  
  71  11:01  Nexus  
  71  11:10  Warp Prism  
  69  11:31  Zealot  
  71  11:35  Warp Prism  
  73  11:40  Gateway  
  73  11:46  Observer  
  74  11:48  Stargate  
  74  11:54  Void Ray  
  74  11:57  Probe  
  74  11:58  Probe  
  80  12:07  Warp Prism  
  82  12:15  Probe x2  
  84  12:16  Probe  
  85  12:27  Probe  
  85  12:28  Probe  
  85  12:29  Probe  
  88  12:30  Stalker  
  88  12:39  Probe  
  87  12:48  Stalker  
  87  12:50  Probe  
Tags
 
Matchup
PvP
Spawn Locations
Cross Positions
Add a new tag
Caveats
  • Supply blocks, unpowered buildings, or Contaminate may cause inaccurate times.
  • Supply counts are checked every 10 seconds.